 Dungeon Crawl Stone Soup version 0.20.2-3-g29329e0561 (webtiles) character file.

343 Alfie the Covered (level 6, -2/55 HPs)
             Began as a Minotaur Fighter on Nov 24, 2020.
             Slain by Grinder (3 damage)
             ... in a sewer.
             The game lasted 00:05:55 (2048 turns).

Alfie the Covered (Minotaur Fighter)                Turns: 2048, Time: 00:05:55

Health: -2/55      AC:  7    Str: 23    XL:     6   Next: 31%
Magic:  5/5        EV:  8    Int:  5    God:
Gold:   121        SH: 10    Dex:  9    Spells: 5/5 levels left

rFire    . . .     SeeInvis .   a - +0 long sword
rCold    . . .     Gourm    .   c - +0 shield
rNeg     . . .     Faith    .   b - +0 scale mail
rPois    .         Spirit   .   (helmet restricted)
rElec    .         Reflect  .   (no cloak)
rCorr    .         Harm     .   (no gloves)
MR       .....                  (no boots)
Stlth    +.........             (no amulet)
Regen    0.2/turn               h - ring of stealth
MPRegen  0.1/turn               (no ring)

@: invisible
A: retaliatory headbutt, horns 2
a: no special abilities


You were in a sewer.
You were not hungry.

You visited 1 branch of the dungeon, and saw 3 of its levels.
You also visited: Sewer.

You collected 121 gold pieces.

Inventory:

Hand Weapons
 a - a +0 long sword (weapon)
Armour
 b - a +0 scale mail (worn)
 c - a +0 shield (worn)
 m - a +0 pair of gloves
Jewellery
 h - a ring of stealth (left hand)
Wands
 p - a wand of confusion (19/48)
Scrolls
 g - a scroll of amnesia {unknown}
 i - 3 scrolls of remove curse
 k - a scroll of magic mapping
 n - 2 scrolls of teleportation
 o - a scroll of identify
Potions
 d - a potion of might
 e - a potion of haste {unknown}
 f - a potion of invisibility
 j - a potion of magic {unknown}
 l - a potion of degeneration {unknown}
 r - a potion of ambrosia {unknown}
 s - a potion of agility {unknown}
 t - a potion of mutation {unknown}
Comestibles
 q - 4 bread rations


   Skills:
 + Level 4.9 Fighting
 + Level 4.7 Long Blades
 + Level 5.2 Armour
 + Level 1.9 Dodging
 + Level 0.1 Stealth
 + Level 4.8 Shields


You had 5 spell levels left.
You didn't know any spells.

Dungeon Overview and Level Annotations

Branches:
Dungeon (3/15)

Altars:
Ashenzari
The Shining One

Annotations:
Sewer Grinder


Innate Abilities, Weirdness & Mutations

You reflexively headbutt those who attack you in melee.
You have a pair of horns on your head.


Message History

Grinder hits you but does no damage.
You closely miss Grinder.
Grinder is heavily wounded.
You block Grinder's attack. Grinder hits you but does no damage.
Your shield and scale mail prevent you from hitting Grinder.
Grinder is heavily wounded.
The bat hits you but does no damage. You block Grinder's attack.
Your scale mail prevents you from hitting Grinder.
Grinder is heavily wounded.
You block the bat's attack.
Grinder says, "My boss said I was rubbish.
His entrails said otherwise."
Grinder gestures at you. Pain shoots through your body!
* * * LOW HITPOINT WARNING * * *
It was a potion of invisibility.
You fade into invisibility!
The bat hits you but does no damage. Grinder hits you.
* * * LOW HITPOINT WARNING * * *
You writhe in agony.
You die...

.'..≈≈≈≈≈.≈≈≈≈≈≈≈≈≈≈)((
#.. #≈≈.....)....).≈#(
##)####.#≈###≈≈#≈#####
#≈KK#...≈≈≈≈≈≈≈≈≈≈≈ #.
#≈≈J#..≈≈≈≈≈≈≈≈≈≈≈≈≈#.
#≈≈K#)≈≈≈≈≈≈≈≈≈≈≈≈≈≈#.
#≈≈.#).≈≈≈≈≈≈≈≈≈≈≈≈≈#.
#≈K5#..b≈≈≈≈≈≈≈≈≈≈≈≈#.
#≈≈K5@.≈≈≈≈≈≈≈≈≈≈≈≈≈#.
##.###################
#.. ≈≈≈≈≈≈≈≈#. #≈.
≈≈≈≈≈≈≈≈.. #≈≈
≈≈≈≈≈≈≈≈#≈ ###
##########


You could see Grinder, a big kobold, an ufetubus, a bat and a kobold.

Vanquished Creatures
  Sigmund (D:2)
  A big kobold zombie (Sewer)
  5 adders
  2 shadow imps (Sewer)
  3 ufetubi (Sewer)
  2 oozes
  4 worms
  3 dart slugs
  A leopard gecko (D:2)
  2 ball pythons (D:1)
  6 giant cockroaches
  8 goblins
  3 hobgoblins
  4 jackals
  5 bats
  2 frilled lizards (D:2)
  15 kobolds
  A kobold zombie (Sewer)
  6 rats
74 creatures vanquished.

Vanquished Creatures (others)
  A giant cockroach zombie (Sewer)
1 creature vanquished.

Grand Total: 75 creatures vanquished

Notes
Turn   | Place    | Note
-------+----------+-------------------------------------------
     0 | D:1      | Alfie the Minotaur Fighter began the quest for the Orb.
     0 | D:1      | Reached XP level 1. HP: 19/19 MP: 0/0
    25 | D:1      | Found a shattered altar of Ashenzari.
   245 | D:1      | Reached XP level 2. HP: 21/27 MP: 1/1
   883 | D:1      | Reached skill level 4 in Armour
  1061 | D:2      | Reached XP level 3. HP: 30/33 MP: 2/2
  1313 | D:2      | Reached XP level 4. HP: 40/41 MP: 3/3
  1594 | D:2      | Noticed Sigmund
  1609 | D:2      | Killed Sigmund
  1609 | D:2      | Reached skill level 5 in Armour
  1609 | D:2      | Reached skill level 1 in Dodging
  1609 | D:2      | Reached XP level 5. HP: 30/47 MP: 4/4
  1800 | D:3      | Found a glowing golden altar of the Shining One.
  1848 | D:3      | Found a glowing drain.
  1878 | Sewer    | Entered a sewer
  1936 | Sewer    | Reached XP level 6. HP: 53/53 MP: 5/5
  2020 | Sewer    | Noticed Grinder
  2037 | Sewer    | Paralysed by Grinder for 5 turns
  2048 | Sewer    | HP: 1/55 [Grinder (2)]
  2048 | Sewer    | Slain by Grinder

Skill      XL: |  1  2  3  4 |
---------------+-------------+-----
Fighting       | 4 |  4.9
Armour         | 4 5 |  5.2
Shields        | 4 |  4.8
Long Blades    | 3 4 |  4.7
Dodging        | 1 |  1.9
Stealth        | |  0.1

Action                   |  1- 3 |  4- 6 || total
-------------------------+-------+-------++-------
Melee: Long sword        |    87 |   113 ||   200
       Headbutt          |    18 |    15 ||    33
  Use: Potion            |       |     2 ||     2
       Scroll            |       |     7 ||     7
  Eat: Bread ration      |     1 |       ||     1
       Chunk             |     1 |       ||     1
Armor: Scale mail        |    48 |    63 ||   111
Dodge: Dodged            |    27 |    38 ||    65
Block: Shield            |    54 |    61 ||   115
       Rpst.: Long sword |     5 |    10 ||    15
